[Event "ICCopen2016"]
[Site "Internet Chess Club"]
[Date "2016.06.03"]
[Round "5"]
[White "alan2015"]
[Black "leonardoalmeida"]
[Result "0-1"]
[ICCResult "White forfeits on time"]
[WhiteElo "1316"]
[BlackElo "1864"]
[Opening "Scandinavian (center counter) defense"]
[ECO "B01"]
[NIC "SD.01"]
[Time "19:42:19"]
[TimeControl "180+0"]

1. e4 d5 2. exd5 Qxd5 3. Nc3 Qa5 4. d4 c6 5. Bc4 Nf6 6. Nf3 Bf5 7. O-O e6 8.
Ne5 Nbd7 9. Re1 Be7 10. Qe2 O-O 11. Bd2 Qd8 12. Rac1 Nxe5 13. dxe5 Nd5 14.
Red1 Qc7 15. Nxd5 cxd5 16. Bb3 a6 17. c4 dxc4 18. Rxc4 Qb8 19. Bf4 b5 20.
Rc6 Rc8 21. Rdc1 Rxc6 22. Rxc6 h6 23. Qd2 a5 24. Qd7 Bf8 25. Rc7 a4 26.
Qxf7+ Kh8 27. Bd1 Qd8 28. Bf3 Rc8 29. Rxc8 Qxc8 30. h3 Bb4 31. a3 Bc5 32.
Qb7 Qxb7 33. Bxb7 Kg8 34. Bd2 Kf7 35. Bc3 Bd3 36. Bc6 g5 37. g3 h5 38. Kg2
h4 39. g4 Ke7 40. Kf3 Kd8 41. Be4 Bc4 42. Bd2 Bd4 43. Bc3 Bxc3 44. bxc3 Kc7
45. Ke3 Kb6 46. Kd4 Bf1 47. Bf5 exf5 48. gxf5 Bxh3 49. Ke4 Kc6 50. f3 Kd7
51. f6 Ke6 52. Kd4 Bf1 53. Ke4 Bc4 54. Kd4 h3 55. Ke3 h2 56. Kf2 h1=Q 57.
Kg3 Qf1 58. Kg4 Be2 59. Kxg5 Qxf3 {White forfeits on time} 0-1

[Event "ICCopen2016"]
[Site "Internet Chess Club"]
[Date "2016.06.03"]
[Round "5"]
[White "Shafkat"]
[Black "bullbuffalo"]
[Result "1-0"]
[ICCResult "Black checkmated"]
[WhiteElo "1650"]
[BlackElo "1333"]
[Opening "Sicilian: O'Kelly variation"]
[ECO "B28"]
[NIC "SI.43"]
[Time "19:42:40"]
[TimeControl "180+0"]

1. e4 c5 2. Nf3 a6 3. Nc3 b5 4. a3 e6 5. g3 Be7 6. Bg2 Bb7 7. d3 Nc6 8. O-O
Qc7 9. Bf4 Bd6 10. e5 Be7 11. Ne4 h5 12. h4 Nh6 13. c3 g5 14. hxg5 Ng4 15.
Nd6+ Bxd6 16. exd6 Qb6 17. Nh4 e5 18. Qe1 O-O-O 19. a4 exf4 20. axb5 axb5
21. gxf4 Rde8 22. Qd2 Na5 23. Bxb7+ Kxb7 24. Ra3 b4 25. cxb4 cxb4 26. Ra4
Nc6 27. Nf5 h4 28. d4 h3 29. d5 Ra8 30. dxc6+ dxc6 31. Rxb4 h2+ 32. Kh1 Qxb4
33. Qxb4+ Kc8 34. Ne7+ Kd7 35. Qb7+ Ke6 36. Re1+ Ne5 37. Rxe5+ Kxd6 38.
Qxc6# {Black checkmated} 1-0

[Event "ICCopen2016"]
[Site "Internet Chess Club"]
[Date "2016.06.03"]
[Round "5"]
[White "Krister"]
[Black "discdude"]
[Result "0-1"]
[ICCResult "White forfeits on time"]
[WhiteElo "1820"]
[BlackElo "1471"]
[Opening "French: Chigorin variation"]
[ECO "C00"]
[NIC "FR.01"]
[Time "19:43:26"]
[TimeControl "180+0"]

1. e4 e6 2. Qe2 d5 3. d3 dxe4 4. dxe4 e5 5. c3 Bd6 6. Be3 Nf6 7. h3 Be6 8.
Nd2 Nc6 9. O-O-O Qe7 10. Nc4 O-O-O 11. Nxd6+ cxd6 12. Kb1 Kb8 13. Qc2 Nd7
14. b4 f6 15. a4 Qf7 16. Rxd6 Bb3 17. Qb2 Bxa4 18. c4 Qe7 19. c5 a6 20. Bc4
Nf8 21. Rxd8+ Nxd8 22. Ne2 Ng6 23. g3 Nc6 24. Qa3 Bb5 25. Bxb5 axb5 26. Rd1
Rd8 27. Rd5 Nf8 28. Nc3 Na7 29. Qa5 Ne6 30. Nxb5 Nxb5 31. Qxb5 Nc7 32. Rxd8+
Qxd8 33. Qe2 Qd7 34. Qd2 Qxd2 35. Bxd2 Nb5 36. Kc2 Kc7 37. Be3 Kc6 38. Kb3
Nc7 39. Kc4 Nb5 40. g4 Na3+ 41. Kb3 Nb5 42. h4 g6 43. g5 f5 44. exf5 gxf5
45. Kc4 Na3+ 46. Kb3 Nb5 47. f4 e4 48. h5 Kd5 49. g6 hxg6 50. hxg6 Ke6 51.
Kc4 Na3+ 52. Kb3 Nb5 53. Ka4 Nc3+ 54. Ka5 Kf6 55. Kb6 Kxg6 56. Kxb7 Nd1 57.
c6 Nxe3 58. c7 Nc4 59. c8=Q Nd6+ 60. Kb8 Nxc8 61. Kxc8 e3 62. b5 e2 63. b6
e1=Q 64. b7 Qc1+ 65. Kd7 Qd2+ 66. Kc7 Qc3+ {White forfeits on time} 0-1

[Event "ICCopen2016"]
[Site "Internet Chess Club"]
[Date "2016.06.03"]
[Round "5"]
[White "A-Adly"]
[Black "Sam08"]
[Result "1-0"]
[ICCResult "Black resigns"]
[WhiteElo "2988"]
[BlackElo "2485"]
[Opening "Réti v Dutch"]
[ECO "A04"]
[NIC "QP.11"]
[Time "19:42:47"]
[TimeControl "180+0"]

1. Nf3 f5 2. g3 Nf6 3. Bg2 g6 4. O-O Bg7 5. c4 O-O 6. Nc3 d6 7. e4 fxe4 8.
Ng5 c6 9. Ngxe4 Nxe4 10. Nxe4 d5 11. cxd5 cxd5 12. Nc5 b6 13. Nd3 e5 14. Nb4
Be6 15. Qb3 Kh8 16. Bxd5 Bxd5 17. Qxd5 Qxd5 18. Nxd5 Nc6 19. d3 Rad8 20. Nc7
Rxd3 21. Be3 Nd4 22. Rad1 Rxd1 23. Rxd1 Rc8 24. Bxd4 exd4 25. Ne6 Bf6 26.
Rd2 Re8 27. Nf4 Re1+ 28. Kg2 Ra1 29. a3 Kg8 30. Kf3 Kf7 31. h4 b5 32. Rc2
Be5 33. Nd3 Bd6 34. Rc6 Ke6 35. Ke4 Kd7 36. Ra6 Bb8 37. Kxd4 Rd1 38. Ke4 Kc8
39. Rf6 Rd2 40. Rf8+ Kb7 41. Rf7+ Kb6 42. Rxh7 a5 43. Rh6 b4 44. axb4 axb4
45. Rxg6+ Kb5 46. h5 Rd1 47. h6 Rh1 48. g4 Ba7 49. g5 Kc4 50. Rc6+ Kb3 51.
Rc7 Bb6 52. Rc1 Rh4+ 53. f4 Rh2 54. Rf1 Re2+ 55. Kf5 Re3 56. h7 Bd4 57. Ne5
{Black resigns}
1-0

[Event "ICCopen2016"]
[Site "Internet Chess Club"]
[Date "2016.06.03"]
[Round "5"]
[White "saya"]
[Black "flinkfinger"]
[Result "1-0"]
[ICCResult "Black forfeits on time"]
[WhiteElo "2865"]
[BlackElo "2259"]
[Opening "Queen's pawn game"]
[ECO "A46"]
[NIC "QP.05"]
[Time "19:42:29"]
[TimeControl "180+0"]

1. d4 Nf6 2. Nf3 e6 3. Bf4 d5 4. e3 c5 5. c3 Nc6 6. Nbd2 Bd6 7. Bg3 O-O 8.
Bd3 b6 9. Ne5 Bb7 10. O-O Ne7 11. Re1 Nf5 12. Bxf5 exf5 13. Nd3 Bxg3 14.
hxg3 c4 15. Nf4 g5 16. Nh5 Nxh5 17. Qxh5 Qf6 18. Nf3 h6 19. Ne5 Rfd8 20. f4
Rd6 21. Kf2 Kf8 22. Rh1 Ke7 23. Ke2 Rg8 24. Kf2 Qg7 25. Rh3 g4 26. Rhh1 f6
27. Qxh6 fxe5 28. Qxg7+ Rxg7 29. dxe5 Rd8 30. Rh5 Rf8 31. Rah1 Bc8 32. Rh6
Be6 33. a4 Rff7 34. Rh8 Rf8 35. R8h6 Rff7 36. Rh8 Rf8 37. R8h5 Rff7 38. Ke2
Rf8 39. Kd2 a6 40. Kc2 Rb8 41. Ra1 Kf7 42. a5 b5 43. Rah1 b4 44. Rh6 bxc3
45. Rf6+ Ke7 46. bxc3 Rf7 47. Rg6 Rb5 48. Rhh6 Bc8 49. Rc6 Kd7 50. Rhd6+ Ke7
51. Rc7+ Kf8 52. Rxc8+ Kg7 53. e6 Re7 54. Rd7 Kf6 55. Rcc7 Rxe6 56. Rf7+ Kg6
57. Rg7+ Kh6 58. Rh7+ Kg6 59. Rcg7+ Kf6 60. Rg8 Rc6 61. Rg5 Re6 62. Rh6+ Ke7
63. Rh7+ Kd6 64. Rxf5 Rxa5 65. Ra7 Ra2+ 66. Kb1 Kc5 67. Kxa2
{Black forfeits on time}
1-0

[Event "ICCopen2016"]
[Site "Internet Chess Club"]
[Date "2016.06.03"]
[Round "5"]
[White "chessasuke91"]
[Black "livis"]
[Result "1-0"]
[ICCResult "Black forfeits on time"]
[WhiteElo "2614"]
[BlackElo "2004"]
[Opening "French: Steinitz variation"]
[ECO "C11"]
[NIC "FR.04"]
[Time "19:43:29"]
[TimeControl "180+0"]

1. e4 e6 2. d4 d5 3. Nc3 Nf6 4. e5 Nfd7 5. f4 a6 6. Nf3 c5 7. Be3 Nc6 8. Qd2
g6 9. Bd3 c4 10. Be2 b5 11. Nd1 Bb7 12. Nf2 Be7 13. O-O Qc7 14. c3 h6 15.
Bd1 a5 16. Bc2 b4 17. f5 gxf5 18. Bxh6 O-O-O 19. Bg5 Rdg8 20. Bxe7 Nxe7 21.
cxb4 Ng6 22. g3 Nh4 23. Nxh4 Rxh4 24. bxa5 Nxe5 25. dxe5 Qxe5 26. Qc3 d4 27.
Qxc4+ Kb8 28. Qb3 Ka8 29. Bd1 Bd5 30. Qd3 Rxh2 31. Kxh2 Ka7 32. Rc1 f4 33.
Nh3 Rxg3 34. Bf3 Bxf3 35. Rxf3 Rxh3+ 36. Kxh3 {Black forfeits on time} 1-0

[Event "ICCopen2016"]
[Site "Internet Chess Club"]
[Date "2016.06.03"]
[Round "5"]
[White "Danya"]
[Black "B-Alqudaimi"]
[Result "1-0"]
[ICCResult "Black forfeits on time"]
[WhiteElo "3038"]
[BlackElo "2522"]
[Opening "Queen's pawn game"]
[ECO "D00"]
[NIC "QP.07"]
[Time "19:43:09"]
[TimeControl "180+0"]

1. d4 Nf6 2. Nc3 d5 3. Bf4 Nc6 4. Nb5 e5 5. dxe5 a6 6. exf6 axb5 7. fxg7
Bxg7 8. Qc1 Bf5 9. c3 b4 10. Nf3 bxc3 11. bxc3 Qe7 12. a4 d4 13. Bd2 d3 14.
Be3 dxe2 15. Bxe2 O-O 16. O-O Ne5 17. Nd4 Bg6 18. Re1 Nd7 19. Bc4 Rfe8 20.
g3 Nc5 21. h4 c6 22. Qd1 Qd6 23. h5 Be4 24. Qg4 Kh8 25. Rad1 Qf8 26. Bg5 f5
27. Qf4 h6 28. Bh4 Be5 29. Qc1 f4 30. Ne6 Qf5 31. Rxe4 fxg3 32. Bxg3 Bxg3
33. Qxh6+ {Black forfeits on time} 1-0

[Event "ICCopen2016"]
[Site "Internet Chess Club"]
[Date "2016.06.03"]
[Round "5"]
[White "ciatouciso"]
[Black "Shadowbane"]
[Result "1-0"]
[ICCResult "Black forfeits on time"]
[WhiteElo "1646"]
[BlackElo "1702"]
[Opening "Modern defense"]
[ECO "A40"]
[NIC "QO.17"]
[Time "19:43:27"]
[TimeControl "180+0"]

1. d4 g6 2. c4 Bg7 3. Nc3 h6 4. e4 d6 5. Be3 c5 6. Nf3 cxd4 7. Bxd4 Nf6 8.
h3 O-O 9. Bd3 Nc6 10. Be3 Be6 11. Nd5 Bxd5 12. exd5 Ne5 13. Nxe5 dxe5 14.
O-O e4 15. Be2 e6 16. Qd2 exd5 17. cxd5 Qxd5 18. Bxh6 Qh5 19. Bxg7 Qe5 20.
Bxf8 Rxf8 21. Rad1 Kg7 22. Qd4 Qa5 23. a3 Re8 24. Rfe1 a6 25. Bf1 Re7 26.
Re3 Rd7 27. Qxd7 Nxd7 28. Rxd7 Qb6 29. Re7 Qxb2 30. R7xe4 f5 31. Re7+ Kh6
32. Rc7 b5 33. Rcc3 b4 34. Rb3 Qd2 35. axb4 Qd5 36. Red3 Qe5 37. Rbc3 a5 38.
Rc5 Qe4 39. b5 a4 40. Rcc3 {Black forfeits on time} 1-0

[Event "ICCopen2016"]
[Site "Internet Chess Club"]
[Date "2016.06.03"]
[Round "5"]
[White "oriGinal"]
[Black "UltimateR3cruit"]
[Result "1-0"]
[ICCResult "Black forfeits on time"]
[WhiteElo "1837"]
[BlackElo "1479"]
[Opening "Trompowsky attack (Ruth, Opocenský opening)"]
[ECO "A45"]
[NIC "QP.07"]
[Time "19:43:44"]
[TimeControl "180+0"]

1. d4 Nf6 2. Bg5 Ne4 3. Bf4 d5 4. Nf3 Nc6 5. e3 Bg4 6. Bb5 a6 7. Ba4 b5 8.
Bb3 e6 9. h3 Bh5 10. g4 Bg6 11. Ne5 Nxe5 12. Bxe5 Qh4 13. Qf3 O-O-O 14. Nd2
Nxd2 15. Kxd2 Qe7 16. Qg3 Qb4+ 17. c3 Qa5 18. h4 f6 19. Bf4 Bd6 20. Bxd6
Rxd6 21. h5 Bf7 22. g5 f5 23. Qe5 Re8 24. Qxg7 Rd7 25. Qxh7 e5 26. Qxf5 exd4
27. exd4 b4 28. Rh3 Qb5 29. Re3 Rxe3 30. fxe3 Qc6 31. g6 Be6 32. Qf8+ Kb7
33. Rc1 Qd6 34. c4 Qxf8 35. Kd3 Qh6 36. cxd5 Bf5+ 37. e4 Qxh5 38. exf5 Qxf5+
39. Kc4 Qxg6 40. Kxb4 Qd6+ 41. Kc3 Qg3+ 42. Kd2 a5 43. Rxc7+
{Black forfeits on time}
1-0

[Event "ICCopen2016"]
[Site "Internet Chess Club"]
[Date "2016.06.03"]
[Round "5"]
[White "panom"]
[Black "Tyrel"]
[Result "0-1"]
[ICCResult "White checkmated"]
[WhiteElo "1621"]
[BlackElo "1963"]
[Opening "QGD: 3.Nc3"]
[ECO "D31"]
[NIC "QP.08"]
[Time "19:43:31"]
[TimeControl "180+0"]

1. d4 d5 2. c4 e6 3. Nc3 f5 4. cxd5 exd5 5. Nf3 Nf6 6. g3 Bd6 7. Bg2 O-O 8.
O-O c6 9. Bg5 Nbd7 10. Qd2 Qe8 11. Rfe1 Ne4 12. Nxe4 fxe4 13. Nh4 h6 14.
Bxh6 gxh6 15. Qxh6 Rf6 16. Qg5+ Kh7 17. Nf5 Bf8 18. Qh4+ Kg8 19. Qg5+ Qg6
20. Qxg6+ Rxg6 21. Nh4 Rf6 22. f3 e3 23. f4 Nb6 24. b3 Bg4 25. Bf3 Bh3 26.
Bg2 Bxg2 27. Kxg2 Bb4 28. Red1 Bd2 29. Nf3 Re8 30. Nxd2 exd2 31. Rxd2 Re3
32. Kf2 Rfe6 33. a4 Nc8 34. a5 a6 35. b4 Rb3 36. Raa2 Nd6 37. Rdb2 Rxb2 38.
Rxb2 Re4 39. e3 Nc4 40. Rb3 Kf7 41. Kf3 Nd2+ 42. Ke2 Nxb3 43. h4 Nxd4+ 44.
Kd3 Nf5 45. g4 Nxe3 46. h5 Nxg4 47. Kc3 Rxf4 48. Kb3 Rc4 49. Ka3 d4 50. Kb3
Ne3 51. h6 Kg6 52. Ka4 d3 53. Ka3 d2 54. b5 cxb5 55. h7 d1=Q 56. h8=Q Qa4+
57. Kb2 Rc2+ 58. Kb1 Qa2# {White checkmated} 0-1

[Event "ICCopen2016"]
[Site "Internet Chess Club"]
[Date "2016.06.03"]
[Round "5"]
[White "Cerealkiller"]
[Black "mikeyb"]
[Result "0-1"]
[ICCResult "White checkmated"]
[WhiteElo "1912"]
[BlackElo "2152"]
[Opening "Réti opening"]
[ECO "A04"]
[NIC "QP.11"]
[Time "19:42:54"]
[TimeControl "180+0"]

1. Nf3 d6 2. d4 Nf6 3. g3 g6 4. Bg2 Bg7 5. O-O Nbd7 6. a4 c5 7. d5 O-O 8.
Nc3 Ng4 9. a5 Nge5 10. Nd2 a6 11. h3 f5 12. e4 fxe4 13. Ndxe4 Nf6 14. Ng5 h6
15. Ne6 Bxe6 16. dxe6 Nc6 17. Nd5 Nxd5 18. Bxd5 Kh7 19. c3 Nxa5 20. h4 Nc6
21. h5 g5 22. Qd3+ Kh8 23. f4 Qe8 24. Ba2 Qxh5 25. Bb1 Bd4+ 26. Qxd4+ cxd4
27. Be4 Qg4 28. Kg2 Qxe6 29. Bf3 gxf4 30. Bxf4 Rxf4 31. gxf4 Rg8+ 32. Kh2
Qf5 33. Bg2 Qh5+ 34. Kg1 Qg4 35. Rf2 dxc3 36. bxc3 Nd8 37. f5 Nf7 38. Re1
Ng5 39. Kf1 Nh3 40. Bxh3 Qxh3+ 41. Ke2 Rg2 42. Rf1 Rxf2+ 43. Rxf2 Qxc3 44.
Kf1 Qf6 45. Kg2 b5 46. Ra2 b4 47. Rxa6 b3 48. Ra8+ Kg7 49. Rb8 b2 50. Kf3
Qc3+ 51. Kg4 Qc1 52. f6+ exf6 53. Rb7+ Kg6 54. Kh4 b1=Q 55. Rxb1 Qxb1 56.
Kg4 Qe4+ 57. Kh3 d5 58. Kh2 d4 59. Kg1 d3 60. Kh2 d2 61. Kg3 d1=Q 62. Kh3
Qdd3+ 63. Kh2 Qee2+ 64. Kg1 Qdd1# {White checkmated} 0-1

[Event "ICCopen2016"]
[Site "Internet Chess Club"]
[Date "2016.06.03"]
[Round "5"]
[White "rovov"]
[Black "Drahacik"]
[Result "1/2-1/2"]
[ICCResult "Game drawn because neither player has mating material"]
[WhiteElo "1659"]
[BlackElo "2104"]
[Opening "English opening: Agincourt variation"]
[ECO "A13"]
[NIC "QP.09"]
[Time "19:42:40"]
[TimeControl "180+0"]

1. Nf3 d5 2. c4 e6 3. e3 Nf6 4. b3 c5 5. cxd5 Nxd5 6. Bb2 Nc6 7. Be2 Nf6 8.
O-O Be7 9. d4 O-O 10. dxc5 Bxc5 11. Qxd8 Rxd8 12. Bxf6 gxf6 13. Nc3 a6 14.
Ne4 Be7 15. Rfd1 Bd7 16. Nd6 b5 17. Nb7 Be8 18. Nxd8 Rxd8 19. Rxd8 Bxd8 20.
Nd4 Ne7 21. Rc1 Bb6 22. Bf3 e5 23. Nc6 Nf5 24. Nb8 a5 25. Bc6 Kf8 26. Nd7+
Bxd7 27. Bxd7 Ne7 28. Bxb5 Nd5 29. a3 Ke7 30. Bc6 Nc7 31. b4 axb4 32. axb4
Kd6 33. Be4 Nb5 34. Bxh7 Bd8 35. Be4 Nc7 36. Rd1+ Ke7 37. Bc6 Ne6 38. b5 Bb6
39. Rd7+ Kf8 40. h4 Nc5 41. Rd1 Kg7 42. g3 Kg6 43. Ra1 f5 44. Kg2 e4 45. Ra8
Kf6 46. Rb8 Na4 47. Rxb6 Nxb6 48. Kh3 Kg6 49. g4 Kf6 50. g5+ Kg6 51. Kg3 Na4
52. Kf4 Nb6 53. f3 exf3 54. Kxf3 Nc4 55. Kf4 Nb6 56. e4 fxe4 57. Kxe4 Kh5
58. Bd5 Kxh4 59. Bxf7 Kxg5 60. Ke5 Na4 61. Bd5 Nb6 62. Kd6 Kf6 63. Kc6 Na4
64. b6 Nxb6 {Game drawn because neither player has mating material} 1/2-1/2

[Event "ICCopen2016"]
[Site "Internet Chess Club"]
[Date "2016.06.03"]
[Round "5"]
[White "Kakarotto"]
[Black "aplusk"]
[Result "0-1"]
[ICCResult "White forfeits on time"]
[WhiteElo "2654"]
[BlackElo "2846"]
[Opening "QGD: Ragozin variation"]
[ECO "D38"]
[NIC "NI.27"]
[Time "19:42:42"]
[TimeControl "180+0"]

1. d4 Nf6 2. c4 e6 3. Nf3 d5 4. Nc3 Bb4 5. cxd5 exd5 6. Bg5 h6 7. Bh4 g5 8.
Bg3 Ne4 9. Nd2 Nxc3 10. bxc3 Bxc3 11. Rc1 Bb2 12. Bxc7 Qe7 13. Bd6 Qe6 14.
Rb1 Bc3 15. Bg3 Nc6 16. e3 Bxd4 17. Be2 Bg7 18. h4 O-O 19. hxg5 hxg5 20. Nf3
Qg6 21. Bd3 Bf5 22. Bxf5 Qxf5 23. Rh5 Bf6 24. Rxb7 d4 25. Nxg5 Qa5+ 26. Kf1
Qa6+ 27. Kg1 Qxb7 28. Qc2 Rfd8 29. Qh7+ Kf8 30. Ne6+ Ke7 31. Nxd8 Rxd8 32.
Qe4+ Kf8 33. Qf4 Qe7 34. Bh4 Rd6 35. Rh6 Qe5 36. Rxf6 Qxf4 37. Rxf4 d3 38.
Ra4 d2 39. Kh2 d1=Q 40. Bg3 Qh5+ 41. Rh4 Qg6 42. Rh3 Rd1 43. Rh8+ Kg7 44.
Rh4 Qb1 45. Rg4+ Kf8 46. Bd6+ Rxd6 47. Kg3 Rg6 48. Rxg6 Qxg6+ 49. Kf3 Qf6+
{White forfeits on time}
0-1

[Event "ICCopen2016"]
[Site "Internet Chess Club"]
[Date "2016.06.03"]
[Round "5"]
[White "kabindra"]
[Black "GodspeedR8"]
[Result "0-1"]
[ICCResult "White forfeits on time"]
[WhiteElo "1530"]
[BlackElo "1784"]
[Opening "Sicilian: Smith-Morra gambit"]
[ECO "B21"]
[NIC "SI.48"]
[Time "19:43:10"]
[TimeControl "180+0"]

1. e4 c5 2. d4 cxd4 3. c3 dxc3 4. Nxc3 Nc6 5. Nf3 e6 6. Bf4 d6 7. Bc4 Nf6 8.
O-O Be7 9. Qe2 O-O 10. Rfd1 e5 11. Nxe5 dxe5 12. Rxd8 Rxd8 13. Bg5 Nd4 14.
Qf1 Bg4 15. f3 Bh5 16. Rd1 h6 17. Bxf6 Bxf6 18. Nd5 Bg5 19. g3 Rxd5 20. Bxd5
Be3+ 21. Kg2 Bxf3+ 22. Kh3 Bxd1 23. Qxd1 Rd8 24. Qe1 Bg5 25. Qf2 Bf6 26. Qd2
Ne6 27. Qa5 Ng5+ 28. Kg2 Rc8 29. Bb3 Nxe4 30. Qd5 Ng5 31. h4 Ne6 32. Qxb7
Re8 33. Ba4 Rd8 34. Bb3 Rd2+ 35. Kh3 Rxb2 36. Qc8+ Nd8 37. Qc3 e4 38. Qe3
Rb1 39. Qxe4 Rc1 40. g4 Rc3+ 41. Kg2 Bxh4 42. Qe8+ Kh7 43. Bxf7 Nxf7 44.
Qxf7 Bf6 45. Qd5 Rc2+ 46. Kf1 Rb2 47. Qe4+ Kg8 48. Qe8+ Kh7 49. Qe4+ Kh8 50.
Qe8+ Kh7 51. Qe4+ Kg8 52. Qe8+ Kh7 53. Qe4+ g6 54. Qe8 Bg7 55. g5 hxg5 56.
Qe3 Rxa2 57. Qh3+ Bh6 58. Qd7+ Kh8 {White forfeits on time} 0-1

[Event "ICCopen2016"]
[Site "Internet Chess Club"]
[Date "2016.06.03"]
[Round "5"]
[White "carpenter"]
[Black "Iturrizaga"]
[Result "0-1"]
[ICCResult "White forfeits on time"]
[WhiteElo "2202"]
[BlackElo "3010"]
[Opening "Sicilian: accelerated fianchetto, Maróczy bind"]
[ECO "B36"]
[NIC "SI.33"]
[Time "19:43:24"]
[TimeControl "180+0"]

1. e4 c5 2. Nf3 g6 3. d4 cxd4 4. Nxd4 Nc6 5. c4 Nf6 6. Nc3 d6 7. Be2 Nxd4 8.
Qxd4 Bg7 9. Be3 O-O 10. Qd2 a5 11. f3 a4 12. O-O Be6 13. Nd5 Nd7 14. Rab1
Nc5 15. Rfc1 Bxd5 16. cxd5 Qa5 17. Qxa5 Rxa5 18. Bxc5 dxc5 19. b3 axb3 20.
axb3 Bd4+ 21. Kh1 Ra2 22. Bd3 Rd2 23. Rd1 Rxd1+ 24. Rxd1 Ra8 25. h4 h5 26.
Kh2 Ra2 27. Kh3 Kg7 28. Bb5 Rb2 29. Bc4 Kf6 30. Rf1 Ke5 31. Re1 Kf4 32. Rf1
Bf2 33. Rd1 f6 34. Ra1 g5 35. hxg5 fxg5 36. Rf1 Bg3 37. e5 Rb1 38. Be2 Rxf1
{White forfeits on time}
0-1

[Event "ICCopen2016"]
[Site "Internet Chess Club"]
[Date "2016.06.03"]
[Round "5"]
[White "nikenwidiartto"]
[Black "CrossShark"]
[Result "0-1"]
[ICCResult "White resigns"]
[WhiteElo "1863"]
[BlackElo "2631"]
[Opening "French: Two knights variation"]
[ECO "C00"]
[NIC "FR.01"]
[Time "19:42:54"]
[TimeControl "180+0"]

1. e4 e6 2. Nc3 d5 3. Nf3 Nf6 4. e5 Nfd7 5. d4 c5 6. dxc5 Nc6 7. Bf4 Bxc5 8.
Bd3 f6 9. exf6 Nxf6 10. O-O O-O 11. Qe2 Bd7 12. Rae1 a6 13. Ne5 Nd4 14. Qd2
Nc6 15. Bg5 Nxe5 16. Rxe5 Bd6 17. Ree1 Qc7 18. h3 b5 19. Ne2 e5 20. c3 e4
21. Bc2 Be6 22. Nd4 Bd7 23. Bb3 Qc5 24. Bxf6 Rxf6 25. Rxe4 Raf8 26. Re2 Bf4
27. Qd3 Bb8 28. Nc2 Qc7 29. Bxd5+ Kh8 30. g3 Bxh3 31. Bg2 Bxg2 32. Kxg2 Qf7
33. Nd4 h6 34. Qe3 Qh5 35. Rh1 Qg6 36. Rf1 Qf7 37. Qe7 Qxa2 38. Qb7 R6f7 39.
Qb6 Qd5+ 40. Kg1 Bxg3 41. Qc6 Qg5 42. Qg2 Qh4 43. Ne6 Bxf2+ 44. Rexf2 Rxf2
45. Rxf2 Rxf2 46. Qxf2 Qg4+ 47. Kf1 Qxe6 48. Qf8+ Kh7 49. Qa3 h5 50. Qb4
Qf6+ 51. Kg2 h4 52. Qe4+ Qg6+ 53. Kf3 Qxe4+ 54. Kxe4 g5 55. Kf3 Kg6 56. Kg4
a5 57. b3 a4 58. bxa4 bxa4 59. c4 a3 60. c5 a2 61. c6 a1=Q 62. c7 Qd4+
{White resigns}
0-1

[Event "ICCopen2016"]
[Site "Internet Chess Club"]
[Date "2016.06.03"]
[Round "5"]
[White "Nostradamus"]
[Black "Darnoc"]
[Result "0-1"]
[ICCResult "White forfeits on time"]
[WhiteElo "2469"]
[BlackElo "2868"]
[Opening "French: exchange variation"]
[ECO "C01"]
[NIC "FR.01"]
[Time "19:43:10"]
[TimeControl "180+0"]

1. e4 e6 2. d4 d5 3. exd5 exd5 4. Bd3 Nc6 5. Nf3 Bg4 6. c3 Bd6 7. O-O Qd7 8.
Re1+ Nge7 9. Bg5 f6 10. Bh4 O-O-O 11. Nbd2 h5 12. Bg3 Bxg3 13. fxg3 h4 14.
gxh4 Rxh4 15. Qe2 Rh6 16. Qf2 Rdh8 17. Nf1 a6 18. Re2 Ng6 19. Qg3 Kb8 20.
Rae1 Nh4 21. Rf2 Nxf3+ 22. gxf3 Bf5 23. Bxf5 Qxf5 24. Rg2 g5 25. Ne3 Qe6 26.
Nc2 Qd7 27. Ne3 Ne7 28. Ng4 Nf5 29. Qf2 Rg6 30. Qe2 Nh4 31. Rf2 Qf5 32. Ne3
Qe6 33. Ng4 Qd6 34. Qe6 Qd8 35. Qe7 Qc8 36. Qe6 Qd8 37. Qe7 Nf5
{White forfeits on time}
0-1

[Event "ICCopen2016"]
[Site "Internet Chess Club"]
[Date "2016.06.03"]
[Round "5"]
[White "TrendFriend"]
[Black "Dlugy"]
[Result "1/2-1/2"]
[ICCResult "White ran out of time and Black has no material to mate"]
[WhiteElo "2466"]
[BlackElo "2920"]
[Opening "Sicilian: Richter-Rauzer, Rauzer attack, 7...a6"]
[ECO "B66"]
[NIC "SI.29"]
[Time "19:43:05"]
[TimeControl "180+0"]

1. e4 c5 2. Nf3 d6 3. Nc3 Nc6 4. d4 cxd4 5. Nxd4 Nf6 6. Bg5 e6 7. Qd2 a6 8.
O-O-O h6 9. Be3 Nxd4 10. Bxd4 b5 11. f3 Qa5 12. Kb1 b4 13. Bxf6 gxf6 14. Ne2
Bb7 15. Nd4 O-O-O 16. Bc4 d5 17. exd5 Bxd5 18. Nb3 Qb6 19. Bxd5 Rxd5 20. Qf4
Rxd1+ 21. Rxd1 Be7 22. Qe4 Rd8 23. Qa8+ Kc7 24. Rxd8 Bxd8 25. Qe4 Qg1+ 26.
Nc1 Qxg2 27. Qc4+ Kd7 28. Qxa6 Qxf3 29. Qa7+ Bc7 30. Qa4+ Qc6 31. Qxb4 Bxh2
32. a4 Bd6 33. Qh4 f5 34. Qxh6 Qxa4 35. Qf6 Ke8 36. Nd3 Qg4 37. Qh8+ Ke7 38.
Qa8 Qd1+ 39. Ka2 Qxc2 40. Qb7+ Qc7 41. Qa8 Qc4+ 42. Ka1 Qxd3 43. Qb7+ Kf6
44. Qa6 Be5 45. Qxd3 f4 46. Ka2 Kg5 47. b4 Kg4 48. b5 f3 49. Qe4+ Bf4 50.
Qe1 Bg3 51. Qe4+ Bf4 52. b6 f2 53. Qg2+ Bg3 54. b7 Kh4 55. Kb2 f5 56. Kc2 e5
57. Kd3 e4+ 58. Ke3 f1=Q 59. Qxf1 Kg4 60. Qe2+ Kg5 61. Qg2 Kh4 62. Kd4 e3
63. Qxg3+ Kxg3 64. Kxe3 f4+ 65. Ke4 f3 66. b8=Q+ Kg2 67. Qf4 f2 68. Qg4+ Kf1
69. Ke3 Ke1 70. Qg3 Kd1 71. Qxf2 Kc1
{White ran out of time and Black has no material to mate}
1/2-1/2

[Event "ICCopen2016"]
[Site "Internet Chess Club"]
[Date "2016.06.03"]
[Round "5"]
[White "wolvie"]
[Black "kaimann"]
[Result "0-1"]
[ICCResult "White resigns"]
[WhiteElo "1608"]
[BlackElo "1946"]
[Opening "Alekhine's defense: two pawns' (Lasker's) attack"]
[ECO "B02"]
[NIC "AL.10"]
[Time "19:43:47"]
[TimeControl "180+0"]

1. e4 Nf6 2. e5 Nd5 3. c4 Nb6 4. c5 Nd5 5. d4 d6 6. exd6 exd6 7. cxd6 Bxd6
8. Nf3 Qe7+ 9. Be2 O-O 10. O-O Bg4 11. Nc3 c6 12. h3 Bh5 13. Re1 Qc7 14. Ne4
Bb4 15. Bd2 Bxd2 16. Qxd2 Nd7 17. Ng3 Bg6 18. Bd3 Rfe8 19. Ne4 N7f6 20. Nc5
Rad8 21. Bxg6 hxg6 22. Rad1 b6 23. Nd3 Qd6 24. a3 Rxe1+ 25. Rxe1 Ne7 26. Qg5
Nf5 27. Nde5 Nxd4 28. Nxd4 Qxd4 29. Nxc6 Qd2 30. Re8+ Nxe8 31. Qxd8 Qe1+ 32.
Kh2 Kh7 33. Qh4+ Kg8 34. Ne7+ Kf8 35. Nd5 Nf6 36. Qh8+ Ng8 37. Qh4 Qe5+ 38.
Nf4 g5 39. Qg4 Qxf4+ 40. Qxf4 gxf4 41. f3 Nf6 42. h4 Ke7 43. Kh3 Ke6
{White resigns}
0-1

[Event "ICCopen2016"]
[Site "Internet Chess Club"]
[Date "2016.06.03"]
[Round "5"]
[White "anitak"]
[Black "jcgs1030"]
[Result "1-0"]
[ICCResult "Black resigns"]
[WhiteElo "2216"]
[BlackElo "1898"]
[Opening "English opening"]
[ECO "A16"]
[NIC "EO.64"]
[Time "19:42:45"]
[TimeControl "180+0"]

1. c4 Nf6 2. Nc3 g6 3. g3 Bg7 4. Bg2 O-O 5. e3 c5 6. Nge2 Nc6 7. a3 d6 8.
Rb1 Bf5 9. d3 Ne5 10. e4 Bg4 11. O-O Nf3+ 12. Kh1 Nd4 13. f3 Bd7 14. b4 b6
15. Be3 Nxe2 16. Qxe2 Ng4 17. Nd5 Nxe3 18. Qxe3 Bd4 19. Qd2 e6 20. Ne3 f5
21. f4 Rc8 22. Nc2 Bg7 23. Rfe1 Bc6 24. exf5 exf5 25. Bxc6 Rxc6 26. Ne3 Re8
27. Nd5 Rc8 28. Rxe8+ Qxe8 29. Re1 Qf8 30. Ne7+ Kf7 31. Nxc8 Qxc8 32. Qg2
Qd7 33. Qd5+ Kf8 34. b5 Bf6 35. a4 Be7 36. h3 Qd8 37. Qb7 Bf6 38. Qxa7 Kg8
39. Qb7 Bd4 40. Qd5+ Kg7 41. Kh2 Qf8 42. Qe6 Kh6 43. Qe7 Qa8 44. Qh4+ Kg7
45. Re7+ Kf8 46. Qxh7 {Black resigns} 1-0